 Dungeon Crawl Stone Soup version 0.21.1-1-g345015fe64 (webtiles) character file.

4065 Marvel the Impaler (level 10, -34/79 HPs)
             Began as a Merfolk Berserker on Feb 18, 2018.
             Was a High Priest of Trog.
             Killed from afar by an ice dragon (45 damage)
             ... with a blast of cold
             ... on level 9 of the Dungeon.
             The game lasted 00:29:58 (7716 turns).

Marvel the Impaler (Merfolk Berserker)              Turns: 7716, Time: 00:30:00

Health: -34/79     AC: 12    Str: 20    XL:     10   Next: 25%
Magic:  10/10      EV: 10    Int:  6    God:    Trog [*****.]
Gold:   361        SH:  0    Dex: 15    Spells: 9/9 levels left

rFire    . . .     SeeInvis .   m - +0 halberd
rCold    . . .     Gourm    .   (shield currently unavailable)
rNeg     . . .     Faith    .   f - +0 shadow dragon scales
rPois    .         Spirit   .   (no helmet)
rElec    .         Reflect  .   a - +0 cloak
rCorr    .         Harm     .   j - +0 pair of gloves
MR       .....                  (no boots)
Stlth    ++++......             (no amulet)
HPRegen  0.23/turn              o - +2 ring of slaying
MPRegen  0.12/turn              (no ring)

@: no status effects
A: change form in water, swift swim, stealthy swim
a: Berserk, Trog's Hand, Brothers in Arms, Burn Spellbooks, Renounce Religion


You were on level 9 of the Dungeon.
You worshipped Trog.
Trog was extremely pleased with you.
You were not hungry.

You visited 1 branch of the dungeon, and saw 9 of its levels.

You collected 361 gold pieces.

Inventory:

Hand Weapons
 d - a +0 blowgun
 g - a cursed -2 short sword
 h - a +0 trident
 m - a +0 halberd (weapon)
 u - a +2 short sword of electrocution
 z - the +1 long sword "Joufem" {slice, rPois rC+ rN+ Stlth-}
   (You found it on level 5 of the Dungeon)

   It inflicts extra damage upon your enemies.
   It protects you from cold.
   It protects you from poison.
   It protects you from negative energy.
   It makes you less stealthy.
 B - a +2 dagger of draining
 J - the +5 falchion of Strategic Superiority {freeze, rN+}
   (You found it on level 9 of the Dungeon)

   It has been specially enchanted to freeze those struck by it, causing extra
   injury to most foes and up to half again as much damage against particularly
   susceptible opponents.
   It can also slow down cold-blooded creatures.
   It protects you from negative energy.
Missiles
 e - 5 poisoned needles
Armour
 a - a +0 cloak (worn)
 b - a +0 animal skin
 f - +0 shadow dragon scales (worn)
 j - a +0 pair of gloves (worn)
 F - a +3 scale mail of cold resistance
Jewellery
 o - a +2 ring of slaying (left hand)
Wands
 t - a wand of paralysis (15)
 x - a wand of random effects (33)
 C - a wand of disintegration (13)
 E - a wand of acid (12)
Scrolls
 i - 2 scrolls of immolation {unknown}
 k - 7 scrolls of teleportation {unknown}
 l - 4 scrolls of magic mapping
 s - a scroll of random uselessness {unknown}
 v - a scroll of identify
 y - 3 scrolls of blinking {unknown}
 A - 6 scrolls of remove curse
 D - a scroll of holy word {unknown}
 G - a scroll of enchant weapon {unknown}
Potions
 n - 2 potions of haste {unknown}
 p - a potion of berserk rage
 q - a potion of curing {unknown}
 r - 3 potions of heal wounds
 w - a potion of mutation {unknown}
 H - 2 potions of brilliance {unknown}
 I - a potion of lignification {unknown}
Comestibles
 c - 10 rations


   Skills:
 + Level 7.3 Fighting
 * Level 16.0 Polearms
 - Level 0.4 Throwing
 - Level 1.4 Armour
 + Level 4.9 Dodging
 + Level 6.0 Stealth


You had 9 spell levels left.
You didn't know any spells.

Dungeon Overview and Level Annotations

Branches:
Dungeon (9/15)             Temple (0/1) D:6
   Lair: D:8-11         Orc: D:9-12

Altars:
Elyvilon
Qazlal
Ru
Vehumet
Zin

Annotations:
D:4 BrokenGlass's ghost, amateur OpFi
D:9 1 runed door


Message History

You miss the electric eel.
The electric eel is moderately wounded.
You slice the electric eel!!
You kill the electric eel!
Trog accepts your kill. The orc barely misses you.
The ice dragon breathes frost at you.
The blast of cold hits the orc.
The orc dies!
You hear a splash.
The blast of cold hits you!
* * * LOW HITPOINT WARNING * * *
The orc hits you but does no damage.
The ice dragon is engulfed in freezing vapours.
The ice dragon breathes frost at you.
The blast of cold hits the orc.
The orc dies!
The blast of cold hits you!
Ouch! That really hurt!
You die...

#..$$≈≈≈≈≈≈
#...≈≈≈≈≈≈≈
##...≈≈≈≈≈≈≈
#≈≈.o≈≈≈≈≈#
#≈≈≈D≈≈..≈#
#≈≈≈§.....#
#≈≈......#
#..†o....#
#..@o...##
##......#
#......#
##....##
#######
##..##
#...... #..#
#...... ##.#
#...... #.#
#...... #.##
#...<..


You could see an ice dragon, an orc warrior and 2 orcs.

Vanquished Creatures
  Pikel (D:7)
  Joseph (D:7)
  Prince Ribbit (D:5)
  A hungry ghost (D:6)
  A water moccasin (D:5)
  Duvessa (D:7)
  3 orc warriors (D:9)
  A phantom (D:4)
  A sky beast (D:7)
  2 centaurs
  A crocodile (D:9)
  2 bullfrogs
  A wyvern zombie (D:7)
  3 scorpions
  Dowan (D:7)
  3 killer bees
  A howler monkey (D:8)
  An electric eel (D:9)
  5 crimson imps
  A jelly (D:6)
  5 orc priests
  5 hounds
  A centaur skeleton (D:5)
  An iguana (D:6)
  14 orc wizards
  7 worker ants
  5 gnolls
  10 adders
  5 shadow imps
  2 oozes
  An adder zombie (D:8)
  An adder skeleton (D:9)
  3 worms
  5 leopard geckos
  34 orcs
  6 giant cockroaches
  11 goblins
  4 hobgoblins
  9 jackals
  2 quokkas
  A ball python (D:1)
  8 bats
  6 frilled lizards
  A giant cockroach zombie (D:6)
  9 kobolds
  3 quokka skeletons
  3 rats
194 creatures vanquished.

Vanquished Creatures (collateral kills)
  A wyvern (D:8)
  An orc wizard (D:8)
  An orc (D:8)
3 creatures vanquished.

Vanquished Creatures (others)
  2 orcs (D:9)
2 creatures vanquished.

Grand Total: 199 creatures vanquished

Notes
Turn   | Place    | Note
-------+----------+-------------------------------------------
     0 | D:1      | Marvel the Merfolk Berserker began the quest for the Orb.
     0 | D:1      | Reached XP level 1. HP: 18/18 MP: 1/1
   320 | D:1      | Reached XP level 2. HP: 24/24 MP: 2/2
   386 | D:1      | Reached skill level 5 in Polearms
   624 | D:1      | Reached XP level 3. HP: 30/30 MP: 3/3
  1140 | D:2      | Found a sacrificial altar of Ru.
  1170 | D:2      | Reached ** piety under Trog
  1598 | D:3      | Reached XP level 4. HP: 23/37 MP: 4/4
  1750 | D:3      | Reached skill level 6 in Polearms
  1750 | D:3      | Reached skill level 1 in Stealth
  1841 | D:3      | Reached XP level 5. HP: 33/42 MP: 5/5
  2823 | D:4      | Reached skill level 7 in Polearms
  2987 | D:4      | Found a radiant altar of Vehumet.
  3026 | D:4      | Reached XP level 6. HP: 49/49 MP: 6/6
  3059 | D:4      | Noticed a phantom
  3113 | D:4      | Killed a phantom
  3113 | D:4      | Reached skill level 8 in Polearms
  3186 | D:4      | Reached *** piety under Trog
  3427 | D:4      | Reached skill level 9 in Polearms
  3427 | D:4      | Reached XP level 7. HP: 37/55 MP: 7/7
  3969 | D:4      | Noticed BrokenGlass's ghost (amateur OpFi)
  4001 | D:4      | Found a glowing silver altar of Zin.
  4003 | D:4      | Found a stormy altar of Qazlal.
  4078 | D:5      | Entered Level 5 of the Dungeon
  4228 | D:5      | Reached skill level 10 in Polearms
  4422 | D:5      | Noticed Prince Ribbit
  4429 | D:5      | Reached skill level 5 in Fighting
  4429 | D:5      | Reached XP level 8. HP: 62/62 MP: 8/8
  4438 | D:5      | Killed Prince Ribbit
  4438 | D:5      | Reached skill level 11 in Polearms
  4490 | D:5      | Reached **** piety under Trog
  4699 | D:5      | Got an ivory long sword
  4700 | D:5      | Identified the +1 long sword "Joufem" {slice, rPois rC+ rN+ Stlth-} (You found it on level 5 of the Dungeon)
  4834 | D:5      | Reached skill level 12 in Polearms
  5062 | D:6      | Found a white marble altar of Elyvilon.
  5230 | D:6      | Found a staircase to the Ecumenical Temple.
  5333 | D:6      | Reached skill level 13 in Polearms
  5536 | D:6      | Reached XP level 9. HP: 68/69 MP: 9/9
  5888 | D:7      | Noticed Dowan
  5889 | D:7      | Noticed Duvessa
  5900 | D:7      | Killed Dowan
  5914 | D:7      | Killed Duvessa
  5914 | D:7      | Reached skill level 14 in Polearms
  6249 | D:7      | Noticed Pikel
  6253 | D:7      | Killed Pikel
  6253 | D:7      | Reached skill level 5 in Stealth
  6352 | D:7      | Noticed Joseph
  6374 | D:7      | Killed Joseph
  6374 | D:7      | Reached skill level 15 in Polearms
  6651 | D:8      | Reached ***** piety under Trog
  6696 | D:8      | Reached XP level 10. HP: 67/79 MP: 10/10
  6758 | D:8      | Noticed a two-headed ogre
  6915 | D:9      | Noticed a fire dragon
  6916 | D:9      | Noticed an ice dragon
  6917 | D:9      | Found the +2 shield of Resistance {rF+ rC+ MR+}
  6917 | D:9      | Noticed a fire dragon
  6917 | D:9      | Found a runed door.
  6918 | D:9      | Noticed an ice dragon
  7263 | D:9      | Got a translucent falchion
  7264 | D:9      | Identified the +5 falchion of Strategic Superiority {freeze, rN+} (You found it on level 9 of the Dungeon)
  7389 | D:9      | Reached skill level 16 in Polearms
  7551 | D:9      | Noticed a two-headed ogre
  7708 | D:9      | Noticed an ice dragon
  7716 | D:9      | Killed from afar by an ice dragon

Skill      XL: |  1  2  3  4  5  6  7  8  9 10 |
---------------+-------------------------------+-----
Polearms       | 5 6 7 9 10 13 15 16 | 16.0
Dodging        | 3 4 |  4.9
Fighting       | 4 5 6 7 |  7.3
Stealth        | 1 2 3 5 6 |  6.0
Throwing       | |  0.4
Armour         | |  1.4

Action                   |  1- 3 |  4- 6 |  7- 9 | 10-12 || total
-------------------------+-------+-------+-------+-------++-------
Melee: Spear             |   110 |    85 |       |       ||   195
       Trident           |       |   100 |    50 |       ||   150
       Halberd           |       |       |   253 |   100 ||   353
 Fire: Blowgun           |       |     5 |       |       ||     5
Invok: Berserk           |       |     1 |     3 |       ||     4
       Trog's Hand       |       |       |     1 |     5 ||     6
       Burn Spellbooks   |       |       |     1 |       ||     1
       Brothers in Arms  |       |       |     1 |       ||     1
Evoke: Wand              |       |       |     1 |     2 ||     3
  Use: Scroll            |       |     4 |     1 |     1 ||     6
       Potion            |       |     2 |       |       ||     2
 Stab: Sleeping          |     2 |     3 |    18 |     1 ||    24
       Distracted        |       |     1 |       |       ||     1
  Eat: Chunk             |     2 |     1 |     5 |     1 ||     9
       Ration            |       |     2 |     3 |     1 ||     6
Armor: Animal skin       |    11 |       |       |       ||    11
       Shadow dragon sca |    17 |    66 |   145 |    56 ||   284
Dodge: Dodged            |    63 |    61 |   113 |    57 ||   294
